[Event "12ème open de Salon"]
[Site "Salon de Provence, France"]
[Date "2022.07.12"]
[Round "5.5"]
[White "Lauret, Patrick"]
[Black "Piquemal, Maxence"]
[Result "0-1"]
[TimeControl "1 h 30 min + 30 s"]
[WhiteElo "1670"]
[BlackElo "1668"]

1. e4 d5 2. Nc3 d4 3. Nce2 e5 4. f4 Nc6 5. Nf3 Bd6 6. fxe5 Bxe5 7. Ng3 Bg4 8. Be2 Bxf3 9. Bxf3 Qh4 10.
Kf2 d3 11. cxd3 O-O-O 12. Bg4+ Kb8 13. Bh3 Nh6 14. d4 Bxg3+ 15. hxg3 Qxe4 16. d3 Qxd4+ 17. Kf1 Ne5 18. Bxh6 gxh6 19.
Bf5 Nxd3 20. Bxd3 Qxd3+ 21. Qxd3 Rxd3 22. Rxh6 Rxg3 23. Kf2 Rhg8 24. Rxh7 Rxg2+ 25. Kf3 Rxb2 26. Rxf7 b6 27. Rc1 Rc8 28. Ra1 Rc2 29. a4 a5 30.
Ra3 Rd8 31. Re7 Rc4 32. Re4 Rxe4 33. Kxe4 Kb7 34. Rg3 Rd1 35.
Ra3 c5 36. Ke5 Rd4 37. Ke6 Kc6 38. Ke5 Rb4 39. Ra1 b5 40. axb5+ Kxb5 41. Kd5 Rd4 42. Ke5 a4 43. Rb1+ Rb4 44.
Rh1 a3 45. Rh8 a2 46. Kd5 Rd4 0-1

[Event "12ème open de Salon"]
[Site "Salon de Provence, France"]
[Date "2022.07.12"]
[Round "5.6"]
[White "Roganova, Maxime"]
[Black "Chabaud, Philippe"]
[Result "1-0"]
[TimeControl "1 h 30 min + 30 s"]
[WhiteElo "1471"]
[BlackElo "1481"]

1. e4 e6 2. d4 d5 3. Bd3 Nc6 4. Ne2 Bd7 5. c3 dxe4 6. Bxe4 Nf6 7. Bf3 Be7 8. Bf4 O-O 9. O-O Nd5 10.
Bg3 Bh4 11. Nd2 Bxg3 12. Nxg3 Re8 13. Re1 Rb8 14. Qc2 Nce7 15. Nge4 h6 16. Nc5 Bc6 17. Nd3 Nf6 18. Rad1 Bxf3 19.
Nxf3 Ng6 20. Nde5 Nf8 21. Rd2 c6 22. h3 Qc7 23. Red1 Red8 24. g4 N6h7 25. Qe4 Qe7 26. Kh1 Ng5 27.
Nxg5 Qxg5 28. f4 Qe7 29. Rg2 c5 30. Rgd2 Nh7 31. dxc5 Rxd2 32. Rxd2 Nf6 33. Qe3 Nd5 34. Qd4 Qh4 35.
Kg2 h5 36. c4 hxg4 37. cxd5 Qxh3+ 38. Kg1 Qg3+ 39. Kf1 Qh3+ 40. Ke2 exd5 41. Qxd5 Qh2+ 42. Ke3 Qg1+ 43. Kd3 Qf1+ 44. Kc2 Qxf4 45.
Nd3 Qa4+ 46. Kc3 Qa5+ 47. b4 Qc7 48. Qd6 Qc8 49. Ne5 g3 50. Nd7 Ra8 51. Qxg3 b6 52. Nf6+ Kf8 53. Qd6# 1-0

[Event "12ème open de Salon"]
[Site "Salon de Provence, France"]
[Date "2022.07.12"]
[Round "5.8"]
[White "Boudet, Nicole"]
[Black "Roganova, Jeremy"]
[Result "0-1"]
[TimeControl "1 h 30 min + 30 s"]
[WhiteElo "1072"]
[BlackElo "1191"]

1. e4 c5 2. Nc3 d6 3. Nf3 Nf6 4. Bb5+ Nbd7 5. O-O a6 6. Bxd7+ Bxd7 7. h3 e6 8. e5 dxe5 9. Nxe5 Be7 10.
Nxd7 Nxd7 11. d3 O-O 12. Qg4 Kh8 13. Ne4 f5 14. Qf3 fxe4 15. Qxe4 Nf6 16. Qc4 Qd5 17. Qc3 Nh5 18. b3 Nf4 19.
Re1 Qxg2# 0-1

[Event "12ème open de Salon"]
[Site "Salon de Provence, France"]
[Date "2022.07.12"]
[Round "6.1"]
[White "Lalic, Bogdan"]
[Black "Charvein, Gabriel"]
[Result "1-0"]
[TimeControl "1 h 30 min + 30 s"]
[WhiteElo "2412"]
[BlackElo "2078"]

1. d4 e6 2. c4 d5 3. Nf3 Nf6 4. g3 Bb4+ 5. Bd2 a5 6. Bg2 O-O 7. Qc2 Nbd7 8. O-O c6 9. Bf4 Be7 10.
Rd1 Ne4 11. Nc3 f5 12. Nxe4 fxe4 13. Ne5 Nxe5 14. Bxe5 Bf6 15. Bf4 Bg5 16. Bxg5 Qxg5 17. Qc1 Qh5 18. Qe3 e5 19. cxd5 cxd5 20.
f3 Bh3 21. Bxh3 Qxh3 22. dxe5 Ra6 23.
Rxd5 Rh6 24. Qf2 e3 25. Qg2 Qe6 26. f4 Qb6 27. Rad1 Qxb2 28. Rd8 Qxa2 29. Qxb7 1-0

[Event "12ème open de Salon"]
[Site "Salon de Provence, France"]
[Date "2022.07.12"]
[Round "6.2"]
[White "Mounier, Victor"]
[Black "Chaumet, Etienne"]
[Result "1-0"]
[TimeControl "1 h 30 min + 30 s"]
[WhiteElo "1888"]
[BlackElo "1809"]

1. d4 Nf6 2. c4 e6 3. Nc3 Bb4 4. e3 Bxc3+ 5. bxc3 c5 6. g3 O-O 7. Bg2 Qc7 8. Qd3 Rd8 9. Nf3 d5 10.
cxd5 c4 11. Qc2 exd5 12. O-O Nc6 13. Nd2 Be6 14. f3 b5 15. e4 b4 16. Rd1 a5 17. Nf1 a4 18. cxb4 Nxb4 19. Qc3 Qb7 20.
Bg5 Rdb8 21. Bf4 Rc8 22. Rdb1 Nxa2 23. Qd2 Qa7 24. Rxa2 c3 25. Qf2 dxe4 26. Raa1 c2 27. Rc1 exf3 28.
Bxf3 Bd5 29. Bxd5 Nxd5 30. Bd6 Nc3 31. Bc5 Qa5 32. Qxc2 Nd5 33. Qg2 Rd8 34. Qf3 Ra6 35. Re1 Raa8 36.
Ne3 Nxe3 37. Rxe3 Rd7 38. Rea3 Qd8 39. Rxa4 Rb8 40. Ra8 Rdb7 41. Qxb7 Rxa8 1-0

[Event "12ème open de Salon"]
[Site "Salon de Provence, France"]
[Date "2022.07.12"]
[Round "6.4"]
[White "Lauret, Patrick"]
[Black "Tramarin, Matteo"]
[Result "0-1"]
[TimeControl "1 h 30 min + 30 s"]
[WhiteElo "1670"]
[BlackElo "1501"]

1. e4 Nf6 2. Nc3 d6 3. Nf3 g6 4. Bc4 Bg7 5. d3 O-O 6. O-O Bg4 7. h3 Bxf3 8. Qxf3 Nbd7 9. Bb3 c5 10.
Be3 Rb8 11. a4 a6 12. a5 Ne5 13. Qe2 Nc6 14. f4 Nxa5 15. Ba2 Nd7 16. f5 Nc6 17. Nd5 Nf6 18. c3 Nxd5 19. Bxd5 Qd7 20.
fxg6 hxg6 21. h4 e6 22. Ba2 Ne7 23. h5 Kh7 24. Qg4 Rbd8 25. hxg6+ Nxg6 26. Rf3 Rh8 27. Raf1 Ne5 28. Rh3+ Kg8 29.
Rxh8+ Kxh8 30. Qh3+ Kg8 31. d4 cxd4 32. cxd4 Ng6 33. Rf3 d5 34. exd5 exd5 35. Qh5 Qe6 36. Rh3 Qe4 37. Qh7+ Kf8 38.
Bh6 Qxd4+ 39. Kh2 Qxb2 40. Re3 Bxh6 41. Qxh6+ Qg7 42. Qg5 f6 43. Rf3 Qc7+ 44. Kg1 Qb6+ 45. Kh1 Kg7 46. Qf5 Qd4 47.
Bb3 Qa1+ 48. Rf1 Qe5 49. Qf3 Rh8+ 50. Kg1 Qh2+ 51. Kf2 Rh4 52. Ke1 Qe5+ 53. Kd1 Rd4+ 54. Kc2 Qe4+ 55. Kc1 Qxf3 56. Rxf3 Ne5 57. Rg3+ Kf7 58. Bc2 Rg4 59. Rc3 Nc4 60.
g3 b5 61. Rd3 d4 62. Rf3 Ne5 63. Ra3 d3 64. Bb3+ Nc4 65. Rxa6 Rxg3 66. Rd6 Rg1+ 67. Kd1 0-1

[Event "12ème open de Salon"]
[Site "Salon de Provence, France"]
[Date "2022.07.12"]
[Round "6.5"]
[White "Piquemal, Maxence"]
[Black "Roganova, Maxime"]
[Result "1/2-1/2"]
[TimeControl "1 h 30 min + 30 s"]
[WhiteElo "1668"]
[BlackElo "1471"]

1. d4 Nf6 2. c4 g6 3. Nc3 Bg7 4. e4 d6 5. Nf3 O-O 6. Be2 e5 7. dxe5 dxe5 8. Qxd8 Rxd8 9. Bg5 Re8 10.
Nd5 Nxd5 11. cxd5 c6 12. Bc4 cxd5 13. Bxd5 Nc6 14. a3 Bg4 15. Be3 Ne7 16. Bb3 Nc6 17. Ng5 Nd8 18. f3 Be6 19.
Ba4 Nc6 20. Rc1 h6 21. Bxc6 bxc6 22. Nxe6 Rxe6 23. Ke2 Kf8 24. Rc2 Ke8 25. Rhc1 Kd7 26. Bc5 Bf8 27. Rd1+ Kc7 28. Bxf8 Rxf8 29.
Rcd2 Re7 30. Rd6 Rb8 31. b4 Rb6 32. R6d3 a5 33. bxa5 Ra6 34.
Rb3 Rxa5 35. Rdb1 Kd6 36. Rc1 Kd7 37. Rcb1 Ke8 1/2-1/2

[Event "12ème open de Salon"]
[Site "Salon de Provence, France"]
[Date "2022.07.12"]
[Round "6.6"]
[White "Jullien, Patrick"]
[Black "Bonchristiani, Pierre"]
[Result "0-1"]
[TimeControl "1 h 30 min + 30 s"]
[WhiteElo "1548"]
[BlackElo "1382"]

1. e4 e5 2. Nf3 Nc6 3. Bb5 a6 4. Ba4 Nf6 5. O-O b5 6. Bb3 Bc5 7. d3 h6 8. a4 Rb8 9. axb5 axb5 10.
Nc3 d6 11. Nd5 Bg4 12. c3 O-O 13. Be3 b4 14. Bc4 Bxe3 15. Nxe3 Bh5 16. h3 bxc3 17. bxc3 Rb2 18. g4 Bg6 19.
Qc1 Qb8 20. Nh4 Kh8 21. Rb1 Rxb1 22. Qxb1 Ne7 23. Qa2 Qc8 24. Rb1 h5 25. f3 Qd7 26. Rb7 Qc6 27. Ra7 Qb6 28. Kf2 Kh7 29.
Ke2 Rb8 30. Nc2 hxg4 31. hxg4 Qg1 32. Nf5 Bxf5 33. gxf5 Nh5 34. Kd2 Rb1 35. Qxb1 Qxb1 36. Rxc7 Ng8 37. Bxf7 Ng3 38. Bg6+ Kh6 39.
Rc8 Nf6 40. Rh8+ Kg5 41. Rh3 Qg1 42. Ne1 Qf2+ 43. Nc2 Qg1 44. Ne1 Qf2+ 45. Kd1 Qe2+ 46. Nc2 Qf2 0-1

[Event "12ème open de Salon"]
[Site "Salon de Provence, France"]
[Date "2022.07.12"]
[Round "6.7"]
[White "Roganova, Jeremy"]
[Black "Frailinu, Jean-Bernard"]
[Result "0-1"]
[TimeControl "1 h 30 min + 30 s"]
[WhiteElo "1191"]
[BlackElo "1349"]

1. e4 e6 2. d4 d5 3. e5 c5 4. c3 Nc6 5. Nf3 Nge7 6. Bd3 Qb6 7. O-O Bd7 8. Bc2 a5 9. a4 cxd4 10.
cxd4 Nb4 11. Nc3 Nxc2 12. Qxc2 Nc6 13. Nb5 Rc8 14. Qd3 Nb4 15. Qe2 Bxb5 16. Qxb5+ Qxb5 17. axb5 b6 18. Bd2 Be7 19.
Bxb4 Bxb4 20. Rfd1 O-O 21. Ne1 Rc4 22. Rac1 Rfc8 23. Rxc4 Rc7 24. Rc5 Rxc5 25. Kf1 Rc4 26. Ke2 g6 27. Ke3 Kg7 28. f4 Be7 29. Nd3 Rb4 30. Kd2 Rxb5 31. Rc1 a4 32. Ra1 Ra5 33. Kc3 b5 34. Nb4 Ra8 35. Nc2 Rc8+ 36. Kd3 h6 37. g4 f5 38. h3 Bh4 39. Nb4 Rc4 40. Nc2 Bg3 41. Rf1 Rc7 42.
Rf3 Bh4 43. Na3 Rb7 44. Rf1 Be7 45. Kc3 b4+ 46. Kc2 bxa3 47. bxa3 Rb3 48. Ra1 Rxh3 49. gxf5 gxf5 50. Rg1+ Kf7 51. Rb1 Rxa3 52. Rh1 Kg7 53. Rg1+ Kh7 54.
Rb1 Rb3 55. Ra1 Rb7 56. Rxa4 Rc7+ 57. Kd2 Bh4 58. Ra1 Bg3 59. Rf1 h5 60. Ke2 h4 61. Kf3 Rc3+ 62. Kg2 Rd3 63. Rc1 Rxd4 64.
Rc7+ Kg6 65. Rc8 Rxf4 66. Rg8+ Kf7 67. Rh8 Re4 68. Rh7+ Ke8 69. Rh8+ Kd7 0-1

[Event "12ème open de Salon"]
[Site "Salon de Provence, France"]
[Date "2022.07.13"]
[Round "7.1"]
[White "Marcellier, Lucie"]
[Black "Lalic, Bogdan"]
[Result "0-1"]
[TimeControl "1 h 30 min + 30 s"]
[WhiteElo "1734"]
[BlackElo "2412"]

1. d4 d5 2. Bf4 e6 3. e3 Nf6 4. Nf3 Bd6 5. Bg3 c5 6. c3 Qc7 7. Nbd2 Nbd7 8. Bd3 e5 9. dxe5 Nxe5 10.
Nxe5 Bxe5 11. Bxe5 Qxe5 12. Nf3 Qe7 13. O-O O-O 14. Qc2 b6 15. Rae1 Bb7 16. Nh4 g6 17. Nf3 Rad8 18. Qa4 a6 19.
Qh4 Kg7 20. Nd2 Rfe8 21. f3 Rd6 22. Re2 Re6 23. Rfe1 b5 24. g4 b4 25. cxb4 c4 26. Bb1 Qxb4 27. Nf1 h6 28. Qf2 d4 29.
e4 d3 30. Rd2 Bxe4 31. Red1 Bb7 32. Ng3 Re3 33. b3 Rxf3 34. Qd4 Re1+ 35. Rxe1 Qxd2 0-1

[Event "12ème open de Salon"]
[Site "Salon de Provence, France"]
[Date "2022.07.13"]
[Round "7.3"]
[White "Chaumet, Etienne"]
[Black "Figier, Anthony"]
[Result "0-1"]
[TimeControl "1 h 30 min + 30 s"]
[WhiteElo "1809"]
[BlackElo "1977"]

1. e4 Nf6 2. e5 Nd5 3. d4 d6 4. c4 Nb6 5. exd6 cxd6 6. Nc3 g6 7. Be3 Bg7 8. Rc1 O-O 9. b3 d5 10.
c5 e5 11. cxb6 Nc6 12. Bb5 exd4 13. Bxc6 dxe3 14. Bxd5 Be6 15. Bf3 exf2+ 16. Kxf2 Qxb6+ 17. Kf1 Rfd8 18. Qe1 Bh6 19. Rc2 Rac8 20.
Nge2 Qa5 21. Qh4 Bg7 22. Qa4 Qc5 23. Be4 Bxc3 24. Nxc3 Qe3 25. Re2 Qc1+ 26. Re1 Qxc3 27. Bf3 Re8 28.
Kf2 Qc5+ 29. Kg3 Qg5+ 30. Kf2 Rc2+ 31. Re2 Rxe2+ 32. Bxe2 Qc5+ 33. Kg3 Qe5+ 34. Kf2 Bxb3 35. Qb5 Qe3+ 36.
Kf1 Bxa2 37. h4 a6 38. Qb2 Bc4 0-1

[Event "12ème open de Salon"]
[Site "Salon de Provence, France"]
[Date "2022.07.13"]
[Round "7.4"]
[White "Tramarin, Matteo"]
[Black "Guillaume, Jean-Tristan"]
[Result "0-1"]
[TimeControl "1 h 30 min + 30 s"]
[WhiteElo "1501"]
[BlackElo "1575"]

1. c4 Nf6 2. Nc3 c5 3. g3 d5 4. cxd5 Nxd5 5. Bg2 Nc7 6. d3 e5 7. Nf3 Nc6 8. O-O Be7 9. Bd2 O-O 10.
Rc1 Bd7 11. Ne4 b6 12. Bc3 f6 13. a3 Rc8 14. b4 cxb4 15. axb4 Kh8 16. Rb1 Nd5 17. b5 Nxc3 18. Nxc3 Na5 19.
Ne4 Qe8 20. d4 f5 21. Ned2 e4 22. Ne5 Bxb5 23. Re1 Ba4 24. Qc1 Rxc1 25. Rexc1 Bd6 26. Ndc4 Nxc4 27. Nxc4 Bb8 28. e3 Bd7 29.
Bf1 Be6 30. Na3 g6 31. Nb5 Qd7 32. Bc4 Bxc4 33. Rxc4 Rc8 34. Rcb4 a6 35. Na3 Bd6 36. R4b3 b5 37. Kg2 Bxa3 38.
Rxa3 Qb7 39. Rba1 Ra8 40. Ra5 Kg7 41. h4 Qb6 42. R5a2 a5 43. Rc2 b4 44. Rac1 Ra7 45. Rc6 Qb5 46.
R1c5 Qd3 47. d5 Rd7 48. Rxa5 Rxd5 49. Ra4 b3 50. Rb4 Rb5 51. Rd4 b2 0-1

[Event "12ème open de Salon"]
[Site "Salon de Provence, France"]
[Date "2022.07.13"]
[Round "7.5"]
[White "Piquemal, Maxence"]
[Black "Colandrea, Sauveur"]
[Result "1-0"]
[TimeControl "1 h 30 min + 30 s"]
[WhiteElo "1668"]
[BlackElo "1619"]

1. d4 d5 2. c4 Nc6 3. Nf3 Bg4 4. e3 e5 5. dxe5 Nxe5 6. cxd5 Nf6 7. Qa4+ Bd7 8. Qb3 Bd6 9. Nxe5 Bxe5 10.
Nd2 O-O 11. Nf3 Bd6 12. Bd2 Ne4 13. Bb4 Qf6 14. Bd3 Bxb4+ 15. Qxb4 Ng5 16. Nxg5 Qxg5 17. Qe4 g6 18. h4 Qf6 19. Qb4 h5 20. Rc1 Rfc8 21. Be4 a5 22. Qc3 Qe7 23. Bf3 c6 24.
Qc5 Qf6 25. Qc3 Qf5 26. e4 Qf4 27. g3 Qd6 28. e5 Re8 29. O-O Rxe5 30. dxc6 Bxc6 31. Rfd1 Qf6 32. Bxc6 Rc8 33. f4 1-0

[Event "12ème open de Salon"]
[Site "Salon de Provence, France"]
[Date "2022.07.13"]
[Round "7.6"]
[White "Bonchristiani, Pierre"]
[Black "Roganova, Maxime"]
[Result "1-0"]
[TimeControl "1 h 30 min + 30 s"]
[WhiteElo "1382"]
[BlackElo "1471"]

1. e4 c5 2. Nf3 d6 3. Bb5+ Nd7 4. c4 Ngf6 5. Nc3 a6 6. Ba4 e5 7. O-O Be7 8. h3 O-O 9. d3 Nb6 10.
Bc2 Be6 11. Nh2 Nfd7 12. b3 Qe8 13. Qe1 f5 14. Bd1 Qg6 15. Kh1 f4 16. Bg4 Bxg4 17. Nxg4 Qe6 18. Qe2 f3 19. gxf3 h5 20.
Nh2 Qxh3 21. Rg1 Rf7 22. Rg3 Qe6 23. Nd5 Nxd5 24. cxd5 Qf6 25. Bg5 Qxg5 26. Rxg5 Bxg5 27. Rg1 Bf4 28.
Qf1 Bxh2 29. Kxh2 Rxf3 30. Qg2 Rf7 31. Qg6 Nf6 32. f3 Kf8 33. Kg2 Re8 34. Kf2 Ree7 35. Ke2 Ke8 36. Rc1 a5 37.
a3 Rc7 38. b4 axb4 39. axb4 b6 40. bxc5 Kd8 41. Ra1 Kc8 42. cxb6 Rcd7 43. Qg1 Kb8 44. Qc1 1-0

[Event "12ème open de Salon"]
[Site "Salon de Provence, France"]
[Date "2022.07.13"]
[Round "7.7"]
[White "Frailinu, Jean-Bernard"]
[Black "Piquemal, Jean-Christophe"]
[Result "1-0"]
[TimeControl "1 h 30 min + 30 s"]
[WhiteElo "1349"]
[BlackElo "1164"]

1. c4 Nf6 2. Nf3 Nc6 3. Nc3 d5 4. cxd5 Nxd5 5. g3 Bf5 6. d3 Bg6 7. Bd2 e6 8. Bg2 Bb4 9. a3 Ba5 10.
b4 Bb6 11. Na4 O-O 12. Nxb6 Nxb6 13. O-O a5 14. b5 Ne7 15. a4 c6 16. Qb3 Qd5 17. Qb2 h6 18. Ne5 Qd8 19. Nxg6 fxg6 20.
Be3 Nbd5 21. Bd2 g5 22. Bh3 Nf5 23. e4 Nxg3 24. fxg3 Nc7 25. Qb3 Qd6 26. Rxf8+ Rxf8 27. Be3 Rf3 28.
Re1 Kh7 29. Bg2 Rf7 30. Rf1 Rd7 31. d4 g4 32. e5 Qe7 33. bxc6 bxc6 34. Bxc6 Rd8 35. Be4+ g6 36. Rf6 Rg8 37. Qd1 h5 38. Qf1 Rg7 39. Bxg6+ Rxg6 40. Rf7+ Rg7 41. Rxe7 Nd5 42.
Rxg7+ Kxg7 1-0

[Event "12ème open de Salon"]
[Site "Salon de Provence, France"]
[Date "2022.07.14"]
[Round "8.1"]
[White "Lalic, Bogdan"]
[Black "Figier, Anthony"]
[Result "1-0"]
[TimeControl "1 h 30 min + 30 s"]
[WhiteElo "2412"]
[BlackElo "1977"]

1. c4 c6 2. e4 d6 3. d4 e5 4. Nf3 Nd7 5. Nc3 Ngf6 6. Be2 Be7 7. O-O O-O 8. Be3 Qc7 9. d5 c5 10. Ne1 Re8 11. a3 Bf8 12. b4 b6 13.
Qb3 g6 14. Nd3 Qd8 15. Rab1 Bg7 16. Qa4 Nb8 17. bxc5 dxc5 18. Qb3 Nbd7 19. Qa2 Rf8 20. Bd1 Ne8 21. Ba4 Nd6 22. Bc6 Ba6 23.
Nb2 Bb7 24. Nb5 Nxb5 25. cxb5 Qc7 26. Nc4 Nf6 27. f3 Bxc6 28. bxc6 Rab8 29. a4 Rfd8 30. Na3 Ne8 31. Bg5 f6 32.
d6+ Qf7 33. Qxf7+ Kxf7 34. c7 fxg5 35. cxb8=Q Rxb8 36. Rfd1 Rd8 37. Nb5 c4 38. d7 Nf6 39. Nxa7 Rxd7 40. Rxd7+ Nxd7 41. Rc1 Bf8 42.
Rxc4 Bc5+ 43. Kf1 Ke6 44. Nb5 Be3 45. Rc6+ Ke7 46. Nc3 Bd4 47. Nd5+ Kd8 48. h3 Ke8 49. Re6+ Kf8 50. Re7 Nc5 51. Rxh7 Nxa4 52. Rb7 Bc5 53.
Nf6 Be7 54. Nd7+ 1-0

[Event "12ème open de Salon"]
[Site "Salon de Provence, France"]
[Date "2022.07.14"]
[Round "8.2"]
[White "Charvein, Gabriel"]
[Black "Mounier, Victor"]
[Result "1-0"]
[TimeControl "1 h 30 min + 30 s"]
[WhiteElo "2078"]
[BlackElo "1888"]

1. e4 e6 2. d4 d5 3. Nd2 c5 4. Ngf3 cxd4 5. exd5 Qxd5 6. Bc4 Qd6 7. O-O Nf6 8. Re1 Be7 9. Ne4 Nxe4 10.
Rxe4 Nc6 11. Nxd4 O-O 12. Bf4 Qc5 13. Nb3 Qb6 14. Qf3 a5 15. Qg3 a4 16. Bc7 Qa7 17. Nd2 Bf6 18. Bd3 Ne7 19.
Be5 Nf5 20. Qh3 Bxe5 21. Rxe5 Qd4 22. Rae1 Qxb2 23. Nc4 Qd4 24. c3 Qd8 25. g4 Qh4 26. Qf3 Nh6 27. h3 f5 28. Nb6 Rb8 29.
R1e3 Nf7 30. Rc5 fxg4 31. Qxg4 Qe7 32. Rh5 h6 33. Qg6 Ng5 34. Rxh6 Qf6 35. Qxf6 Rxf6 36. Rh5 Nf7 37. Rc5 Nd6 38.
Bc2 e5 39. Nxc8 Rxc8 40. Rxc8+ Nxc8 41. Rxe5 Nb6 42. Re8+ Rf8 43. Rxf8+ Kxf8 44. Be4 Nc4 45. Bxb7 Ke7 46. Kg2 Kd6 47.
Kg3 a3 48. Ba6 Nb6 49. Kg4 Nd5 50. Kf5 Ke7 51. Bc4 Nxc3 52. h4 Nd1 53. Kg6 Kf8 54. f3 Nf2 55. f4 Ng4 56. h5 Ne3 57.
Bb3 Ng2 58. f5 Nf4+ 59. Kg5 Nh3+ 60. Kg4 Nf2+ 61. Kf4 Nd3+ 62. Kg5 Nc5 63. Be6 Ke7 64. Kg6 Kf8 65. Bc4 Ne4 66. Bd3 Nc5 67.
Bb5 Ne4 68. Ba4 Nc3 69. Bb3 Ne4 70. f6 gxf6 71. h6 Ng5 72. Kxf6 Nf7 73. h7 Nh8 74. Bc4 Nf7 75. Be6 Nh8 76. Bb3 Nf7 77. Kg6 Nh8+ 78. Kh6 1-0

[Event "12ème open de Salon"]
[Site "Salon de Provence, France"]
[Date "2022.07.14"]
[Round "8.4"]
[White "Bonchristiani, Pierre"]
[Black "Tramarin, Matteo"]
[Result "0-1"]
[TimeControl "1 h 30 min + 30 s"]
[WhiteElo "1382"]
[BlackElo "1501"]

1. e4 Nf6 2. e5 Nd5 3. d4 d6 4. c4 Nb6 5. exd6 cxd6 6. Nc3 g6 7. Be3 Bg7 8. Rc1 Nc6 9. b3 Bd7 10.
d5 Ne5 11. Be2 f5 12. f4 Nf7 13. Bd4 O-O 14. h3 e6 15. Bxg7 Qh4+ 16. Kf1 Qxf4+ 17. Nf3 Kxg7 18. dxe6 Bxe6 19.
Qd4+ Qxd4 20. Nxd4 Rfe8 21. Nxe6+ Rxe6 22. Bf3 Re7 23. Re1 Rae8 24. Rxe7 Rxe7 25. Nd5 Nxd5 26. Bxd5 Ne5 27. Kf2 b6 28.
Rd1 Kf6 29. Bg8 Rd7 30. Bd5 g5 31. Ke3 h5 32. Rf1 Ng6 33. Be4 Nf4 34. g3 Re7 35. gxf4 Rxe4+ 36. Kd3 Rxf4 37. Rxf4 gxf4 38.
Ke2 Ke5 39. Kf3 h4 40. a3 a5 41. a4 Ke6 42. Kxf4 Kf6 43. Kf3 Ke5 44. Ke3 f4+ 45. Kd3 d5 46. cxd5 Kxd5 47. Ke2 Ke4 48.
Kf2 f3 49. Kf1 Ke3 50. Ke1 f2+ 51. Kf1 Kf3 52. b4 Kg3 53. bxa5 bxa5 54. Ke2 Kg2 0-1

[Event "12ème open de Salon"]
[Site "Salon de Provence, France"]
[Date "2022.07.14"]
[Round "8.5"]
[White "Guillaume, Jean-Tristan"]
[Black "Piquemal, Maxence"]
[Result "1-0"]
[TimeControl "1 h 30 min + 30 s"]
[WhiteElo "1575"]
[BlackElo "1668"]

1. e4 d5 2. exd5 Qxd5 3. Nc3 Qa5 4. d4 c6 5. Nf3 Bg4 6. h3 Bh5 7. g4 Bg6 8. Ne5 e6 9. Bg2 Nf6 10.
O-O Nbd7 11. Nxg6 hxg6 12. Bf4 Nb6 13. Ne2 g5 14. Bd2 Qb5 15. a4 Qa6 16. b3 Bd6 17. c4 Nbd7 18. Nc3 Bb4 19.
Re1 Qa5 20. Re3 Qc7 21. d5 e5 22. dxc6 bxc6 23. Nb5 cxb5 24. Bxa8 Bc5 25. Rg3 e4 26. Kg2 Bd6 27. Re3 Bf4 28.
axb5 Bxe3 29. Bxe3 Ne5 30. Rxa7 Qb8 31. Bc5 Nd3 32. Bc6+ e3 1-0

[Event "12ème open de Salon"]
[Site "Salon de Provence, France"]
[Date "2022.07.14"]
[Round "8.6"]
[White "Roganova, Maxime"]
[Black "Birrittieri, Justin"]
[Result "1-0"]
[TimeControl "1 h 30 min + 30 s"]
[WhiteElo "1471"]
[BlackElo "1394"]

1. e4 c5 2. d4 cxd4 3. c3 dxc3 4. Nxc3 Nc6 5. Nf3 e6 6. Bc4 a6 7. O-O Bb4 8. Qe2 Nge7 9. Nd5 Nxd5 10.
exd5 Ne7 11. a3 b5 12. Ba2 Bc5 13. b4 Ba7 14. Bg5 h6 15. Bh4 Bb8 16. Rfd1 Bd6 17. dxe6 dxe6 18. Bg3 Nf5 19.
Bxd6 Nxd6 20. Qe5 Ke7 21. Rac1 Bb7 22. Rxd6 Rc8 23. Rcd1 Qc7 24. Bxe6 fxe6 25. Qxe6+ Kf8 26. Ne5 Be4 27.
Nd7+ 1-0

[Event "12ème open de Salon"]
[Site "Salon de Provence, France"]
[Date "2022.07.14"]
[Round "8.7"]
[White "Brenon, Stephane"]
[Black "Frailinu, Jean-Bernard"]
[Result "0-1"]
[TimeControl "1 h 30 min + 30 s"]
[WhiteElo "1209"]
[BlackElo "1349"]

1. c4 e6 2. d3 c6 3. Nc3 Nf6 4. e4 d5 5. e5 Nfd7 6. d4 c5 7. Nf3 Nb6 8. b3 Nc6 9. Nb5 a6 10.
Nd6+ Bxd6 11. exd6 Qxd6 12. Be2 dxc4 13. bxc4 Nxd4 14. Nxd4 Qxd4 15. Qxd4 cxd4 16. Ba3 Nd7 17. Rd1 e5 18.
O-O b6 19. Bf3 Ra7 20. Bd6 Bb7 21. Bg4 f6 22. Bh5+ g6 23. Bg4 Nc5 24. f4 Ne4 25. Bc7 Nc3 26. Rd2 b5 27. Bb6 Ra8 28. fxe5 f5 29. Bf3 Bxf3 30. Rxf3 bxc4 31. Bxd4 Nb5 32.
Ba1 O-O 33. e6 Rfe8 34. Re3 c3 35. Rc2 Rac8 36. a4 Nd4 37. Rcxc3 Rc7 38. Rc5 Rxc5 39. Bb2 Rc3 40. Bxc3 Nxe6 41. h3 Kf7 42. Rd3 Rd8 43. Rxd8 Nxd8 44. Kf2 Nb7 45. Kf3 Nc5 46. a5 Ne6 47. g4 Ng5+ 48. Kg2 f4 49.
Kh2 Ne6 50. h4 h6 51. Kg2 g5 52. h5 Nc5 53. Kf3 Nd7 54. Bd4 Nf6 55. Bxf6 Kxf6 56. Ke4 Ke6 57. Kf3 Kf7 0-1

[Event "12ème open de Salon"]
[Site "Salon de Provence, France"]
[Date "2022.07.14"]
[Round "8.8"]
[White "Roganova, Jeremy"]
[Black "Polaert, Clarence"]
[Result "1-0"]
[TimeControl "1 h 30 min + 30 s"]
[WhiteElo "1191"]
[BlackElo "1199"]

1. e4 e6 2. d4 d5 3. e5 c5 4. c3 Qb6 5. Nf3 Nc6 6. Bd3 Bd7 7. Bc2 Nge7 8. O-O Ng6 9. a3 Be7 10.
b4 cxd4 11. cxd4 Nh4 12. Nxh4 Bxh4 13. Be3 O-O 14. Qh5 g6 15. Qxh4 Rac8 16. Bh6 Rfe8 17. Qf6 Nxd4 18. Qg7# 1-0

[Event "12ème open de Salon"]
[Site "Salon de Provence, France"]
[Date "2022.07.15"]
[Round "9.3"]
[White "Delorme, Laurie"]
[Black "Charvein, Gabriel"]
[Result "1/2-1/2"]
[TimeControl "1 h 30 min + 30 s"]
[WhiteElo "2083"]
[BlackElo "2078"]

1. d4 d5 2. c4 e6 3. Nc3 c5 4. cxd5 exd5 5. Nf3 Nc6 6. dxc5 Nf6 7. Bg5 Bxc5 8. e3 O-O 9. Be2 d4 10.
exd4 Nxd4 11. Nxd4 Qxd4 12. O-O Be6 13. Qc2 Rac8 14. Rad1 Qe5 15. Qd2 Bb4 16. Bf3 Bxc3 17. bxc3 Ne4 18.
Bxe4 Qxe4 19. Be3 Rc6 20. Bxa7 Qg6 21. Bd4 h5 22. Qf4 1/2-1/2

[Event "12ème open de Salon"]
[Site "Salon de Provence, France"]
[Date "2022.07.15"]
[Round "9.4"]
[White "Tramarin, Matteo"]
[Black "Gomez, Guy"]
[Result "0-1"]
[TimeControl "1 h 30 min + 30 s"]
[WhiteElo "1501"]
[BlackElo "1532"]

1. c4 c5 2. Nc3 Nf6 3. g3 Nc6 4. Bg2 e6 5. d3 d5 6. cxd5 exd5 7. Bg5 d4 8. Ne4 Be7 9. Nxf6+ Bxf6 10.
Bxf6 Qxf6 11. Rc1 b6 12. b4 Rb8 13. bxc5 O-O 14. cxb6 Rxb6 15. Nf3 Nb4 16. Qd2 Be6 17. O-O Nxa2 18.
Ra1 Ra6 19. Rfb1 Bd5 20. Rb2 Nb4 21. Rxa6 Nxa6 22. Qa5 Bxf3 23. Bxf3 g6 24. Bb7 Rb8 25. Rb5 Qd8 0-1

[Event "12ème open de Salon"]
[Site "Salon de Provence, France"]
[Date "2022.07.15"]
[Round "9.5"]
[White "Roganova, Maxime"]
[Black "Guillaume, Jean-Tristan"]
[Result "0-1"]
[TimeControl "1 h 30 min + 30 s"]
[WhiteElo "1471"]
[BlackElo "1575"]

1. e4 e5 2. Nf3 Nc6 3. Bc4 Nf6 4. d4 exd4 5. e5 d5 6. Bb5 Nd7 7. Bxc6 bxc6 8. Qxd4 Nb8 9. Bg5 Be7 10.
Bxe7 Qxe7 11. O-O Be6 12. Qa4 O-O 13. c4 Rd8 14. Rd1 Bg4 15. Nbd2 d4 16. h3 Bh5 17. Re1 c5 18. Nh2 Nd7 19.
g4 Bg6 20. f4 f5 21. Nhf3 Nf8 22. Kg2 Be8 23. Qc2 d3 24. Qc3 Ne6 25. Kg3 Qf7 26. g5 Bc6 27. Re3 Rd4 28. Rxd3 Nxf4 29.
Nxd4 cxd4 30. Qc2 Nxd3 31. Qxd3 f4+ 32. Kf2 Rd8 33. Re1 Qh5 34. Rg1 Qh4+ 35. Ke2 Re8 36. Qf5 f3+ 37. Nxf3 Bxf3+ 38. Kxf3 Rf8 39. Qxf8+ Kxf8 40. Ke2 Qxh3 41. Rd1 Qe3+ 42. Kf1 d3 43. b4 Qe2+ 0-1

[Event "12ème open de Salon"]
[Site "Salon de Provence, France"]
[Date "2022.07.15"]
[Round "9.6"]
[White "Piquemal, Maxence"]
[Black "Chabaud, Philippe"]
[Result "1-0"]
[TimeControl "1 h 30 min + 30 s"]
[WhiteElo "1668"]
[BlackElo "1481"]

1. d4 d5 2. c4 e6 3. Nc3 Nf6 4. cxd5 exd5 5. Bg5 Be7 6. e3 a6 7. Bd3 O-O 8. Nge2 Nc6 9. O-O Na7 10.
Qc2 h6 11. Bf4 Bd6 12. Bg3 Bxg3 13. Nxg3 Re8 14. Rac1 c6 15. b4 Nb5 16. a4 Nxc3 17. Qxc3 Ne4 18. Nxe4 dxe4 19. Bc4 Be6 20.
f3 exf3 21. Rxf3 Bd5 22. Bxd5 Qxd5 23. Qc5 Qxc5 24. bxc5 Rad8 25. Rd1 Rd5 26. Kf2 Red8 27. Ke2 f5 28. Rdf1 g6 29. h3 Re8 30. Kd3 Rf8 31. g4 Kh7 32.
gxf5 gxf5 33. Rb1 Rf7 34. Kc4 Rdd7 35. Rbf1 Kg6 36. Rf4 a5 37. h4 h5 38. Rg1+ Kh6 39. Rg5 Rd5 40. e4 1-0